 Dungeon Crawl Stone Soup version 0.26-a0-835-g8259106e14 (webtiles) character file.

Game seed: 7725951898292100543

7 jasper the Sneak (level 1, 0/20 HPs)
             Began as a Palentonga Delver on Nov 17, 2020.
             Killed from afar by Blork the orc (4 damage)
             ... with a puff of flame
             ... on level 4 of the Dungeon.
             The game lasted 00:00:37 (276 turns).

jasper the Sneak (Palentonga Delver)                 Turns: 276, Time: 00:00:37

Health: 0/20       AC:  4    Str: 15    XL:     1   Next: 91%
Magic:  1/1        EV:  9    Int: 10    God:
Gold:   0          SH:  0    Dex: 11    Spells: 0/0 levels left

rFire    . . .     SeeInvis +   a - +0 mace
rCold    . . .     Faith    .   (no shield)
rNeg     . . .     Spirit   .   b - +0 leather armour
rPois    .         Reflect  .   (no helmet)
rElec    .         Harm     .   (no cloak)
rCorr    .         Rampage  .   (no gloves)
MR       .....                  (no barding)
Stlth    ++........             (no amulet)
HPRegen  0.06/turn              (no ring)
MPRegen  0.07/turn              (no ring)

@: hasted, very quick
A: large, rugged brown scales 3, see invisible, deformed body, roll 1, armoured
tail
a: Rolling Charge


You were on level 4 of the Dungeon.
You visited 1 branch of the dungeon, and saw 2 of its levels.

Inventory:

Hand Weapons
 a - a +0 mace (weapon)
Armour
 b - a +0 leather armour (worn)
Wands
 g - a wand of digging (3)
 h - a wand of iceblast (6)
Scrolls
 c - a scroll of fog
 d - a scroll of magic mapping
 e - a scroll of fear


   Skills:
 - Level 3.0 Fighting
 + Level 2.7 Maces & Flails
 - Level 1.5 Dodging
 - Level 3.3 Stealth


You couldn't memorise any spells.
You didn't know any spells.
Your spell library was empty.

Dungeon Overview and Level Annotations

Branches:
Dungeon (5/15)
 Temple: D:4-7

Altars:

Shops:
D:5 ?

Annotations:
D:4 Blork the orc, Edmund


Innate Abilities, Weirdness & Mutations

You are completely covered in rugged brown scales. (AC +3, +7% HP)
You have supernaturally acute eyesight. (SInv)
Armour fits poorly on your strangely shaped body.
You can roll at nearby foes to attack.
You have a long armoured tail.


Message History

The puff of frost misses you.
An adder comes into view.
The adder hisses angrily.
You hit Blork the orc but do no damage.
Blork the orc is severely wounded.
Blork the orc drinks a potion.
Blork the orc is healed!
You hit Blork the orc but do no damage.
Blork the orc is moderately wounded.
Blork the orc looks satisfied for a moment.
You sock Blork the orc!
Blork the orc is severely wounded.
Blork the orc gestures at you while chanting.
The magic dart hits you.
* * * LOW HITPOINT WARNING * * *
You take 2 damage, and have 4/20 hp.
Found a leather armour.
Edmund the Younger comes into view.
He is wielding a +2 flail of draining.
Blork the orc points at you and mumbles some strange words.
The puff of flame hits you.
You die...

. #..###...
...#####..S#.#
..?.<..†##o..#
.#.....>##..##
#......##..#
..#.....##..#
!.......##..###
..#.....##.)..#
#
#.....##@##.@...
#.....##.# ...##
#...?.#..# #.#
#.## .# #. . #.
#. ..


You could see Blork the orc and an adder.

Vanquished Creatures
  An ufetubus (D:5)
  A leopard gecko (D:4)
2 creatures vanquished.

Notes
Turn   | Place    | Note
-------+----------+-------------------------------------------
     0 | D:5      | jasper the Palentonga Delver began the quest for the Orb.
     0 | D:5      | Reached XP level 1. HP: 20/20 MP: 1/1
   223 | D:5      | Found Etesetej's Magic Scroll Boutique.
   243 | D:5      | Noticed an iguana
   254 | D:4      | Noticed Blork the orc
   274 | D:4      | Noticed Edmund
   276 | D:4      | Killed from afar by Blork the orc

Illustrated notes

Levels and vault maps discovered:
D:4:      layout_rooms, minmay_strange_pillars, kennysheep_generic_room_15,
          uniq_blork_the_orc, uniq_edmund
D:5:      layout_rooms, kennysheep_mini, minmay_temple_entry_wispy,
          serial_shops, shop, lemuel_flame_loot_1, uniq_prince_ribbit1,
          uniq_pikel

Action                   || total
-------------------------++-------
Melee: Mace              ||    21
       Tailslap          ||     2
 Abil: Rolling Charge    ||     3
  Use: Potion            ||     2
Armor: Leather armour    ||    11
Dodge: Dodged            ||    22

Table legend: (Time is in decaauts)
 A = Elapsed time spent in this place.
 B = Non-inter-level travel time spent in this place.
 C = Inter-level travel time spent in this place.
 D = Time resting spent in this place.
 E = Time spent auto-exploring this place.
 F = Levels seen in this place.
 G = Mean time per level.
                   A        B        C        D        E       F      G
               +--------+--------+--------+--------+--------+-----+--------+
         Total |    275 |    275 |      0 |    150 |     64 |   2 |  137.5 |
       Dungeon |    275 |    275 |      0 |    150 |     64 |   2 |  137.5 |
               +--------+--------+--------+--------+--------+-----+--------+

Top non-repeatable levels by time:
     D:5: 257 daAuts
     D:4: 18 daAuts
